 Dungeon Crawl Stone Soup version 0.21.1-1-g345015f (webtiles) character file.

614949 Mgcat the Conqueror (level 25, -13/257 HPs)
             Began as a Minotaur Monk on Feb 9, 2018.
             Was the Champion of Ru.
             Mangled by a shadow dragon (17 damage)
             ... on level 2 of the Realm of Zot.
             The game lasted 03:42:07 (59269 turns).

Mgcat the Conqueror (Minotaur Monk)                Turns: 59269, Time: 03:42:08

Health: -13/257    AC: 43    Str: 21    XL:     25
Magic:  22/22      EV: 19    Int:  9    God:    Ru [******]
Gold:   3240       SH:  0    Dex: 16    Spells: 24/24 levels left

rFire    + . .     SeeInvis +   B - +1 broad axe of Esergh {freeze, rElec rN+ Dex+5}
rCold    + + .     Gourm    .   (shield unavailable)
rNeg     + . .     Faith    .   T - +15 Maxwell's patent armour {-Cast -Tele rElec MR+ rCorr}
rPois    .         Spirit   .   (helmet restricted)
rElec    +         Reflect  .   e - scarf {rC+ rF+}
rCorr    +         Harm     .   o - +2 pair of gloves {archery}
MR       ++...     NoTele   +   L - +2 pair of boots {Fly} Stlth ..........NoCast +
                                y - amulet of regeneration {+regen, !d}
HPRegen  0.92/turn              (ring unavailable)
MPRegen  0.18/turn              a - ring "Noema" {rElec rC+ Dex-5 SInv}

@: flying, drained
A: retaliatory headbutt, horns 2, clumsy 1, missing a hand, unskilled 1,
inexperienced 1
}: 3/15 runes: serpentine, barnacled, silver
a: Draw Out Power, Power Leap, Apocalypse, Renounce Religion, Stop Flying


You were on level 2 of the Realm of Zot.
You worshipped Ru.
Ru was exalted by your worship.
You were not hungry.

You visited 10 branches of the dungeon, and saw 47 of its levels.
You visited the Abyss 2 times.
You also visited: Labyrinth, Ice Cave, Volcano and Wizlab.

You collected 6357 gold pieces.
You spent 3117 gold pieces at shops.

Inventory:

Hand Weapons
 q - the +6 morningstar "Dil Hime" {freeze, +Blink rN+ SInv}
   (You found it on level 3 of the Elven Halls)

   It has been specially enchanted to freeze those struck by it, causing extra
   injury to most foes and up to half again as much damage against particularly
   susceptible opponents.
   It can also slow down cold-blooded creatures.
   It protects you from negative energy.
   It lets you see invisible.
   It lets you blink.
 B - the +1 broad axe of Esergh (weapon) {freeze, rElec rN+ Dex+5}
   (You found it in a volcano)

   It has been specially enchanted to freeze those struck by it, causing extra
   injury to most foes and up to half again as much damage against particularly
   susceptible opponents.
   It can also slow down cold-blooded creatures.
   It affects your dexterity (+5).
   It insulates you from electricity.
   It protects you from negative energy.
 N - the +6 war axe "Saihoh" {chop, +Blink +Inv}
   (You took it off a frost giant on level 5 of the Vaults)

   It inflicts extra damage upon your enemies.
   It lets you turn invisible.
   It lets you blink.
Missiles
 r - 8 tomahawks of returning
 v - 8 throwing nets {=f, !d}
 A - 114 tomahawks (quivered)
 Q - 2 silver tomahawks
 V - 5 exploding tomahawks
Armour
 e - a scarf of resistance (worn)
   (You found it on level 13 of the Dungeon)
 o - a +2 pair of gloves of archery (worn)
   (You acquired it on level 3 of the Lair of Beasts)
 L - a +2 pair of boots of flying (worn)
   (You found it on level 4 of the Snake Pit)
 T - the +15 Maxwell's patent armour (worn) {-Cast -Tele rElec MR+ rCorr}
   (You acquired it on level 1 of the Orcish Mines)

   It insulates you from electricity.
   It affects your resistance to hostile enchantments.
   It prevents spellcasting.
   It prevents most forms of teleportation.
   It protects you from acid and corrosion.
Jewellery
 a - the ring "Noema" (right hand) {rElec rC+ Dex-5 SInv}
   (You bought it in a shop on level 4 of the Depths)

   [ring of see invisible]

   It affects your dexterity (-5).
   It protects you from cold.
   It insulates you from electricity.
   It lets you see invisible.
 y - an amulet of regeneration (around neck) {+regen, !d}
   (You found it on level 5 of the Dungeon)
Wands
 p - a wand of flame (111)
   (You took it off a centaur on level 14 of the Dungeon)
Scrolls
 f - 5 scrolls of immolation {!r}
 i - 20 scrolls of teleportation
 k - 12 scrolls of remove curse
 l - 5 scrolls of enchant armour
 s - 2 scrolls of silence
 t - 6 scrolls of fear
 u - 9 scrolls of amnesia
 w - a scroll of summoning
 D - a scroll of brand weapon
 F - a scroll of fog
 K - 14 scrolls of identify
 S - 3 scrolls of blinking {!r}
 U - 4 scrolls of enchant weapon
 W - 4 scrolls of magic mapping {!r}
Potions
 b - a potion of might
 g - 3 potions of resistance
 h - 6 potions of curing
 j - 9 potions of berserk rage {!q}
 E - 4 potions of ambrosia
 G - 2 potions of invisibility
 M - 5 potions of mutation {!q}
 Y - 2 potions of cancellation
Miscellaneous
 d - 2 phantom mirrors
Comestibles
 c - 62 rations


   Skills:
 O Level 27(25.9) Fighting
 + Level 21.4(22.3) Axes
 - Level 17.6(20.6) Maces & Flails
 - Level 10.0(9.2) Throwing
 + Level 23.1(22.1) Armour
 + Level 21.7(20.8) Dodging
 - Level 1.4(0.8) Stealth


You had 24 spell levels left.
You didn't know any spells.

Dungeon Overview and Level Annotations

Branches:
Dungeon (15/15)            Temple (1/1) D:4            Lair (6/6) D:8
 Shoals (4/4) Lair:3        Snake (4/4) Lair:3        Slime (0/5) Lair:6
    Orc (2/2) D:10            Elf (3/3) Orc:2        Vaults (5/5) D:13
  Crypt (0/3) Vaults:3     Depths (5/5) D:15            Zot (2/5) Depths:5

Altars:
Ashenzari
Cheibriados
Dithmenos
Elyvilon
Fedhas
Gozag
Hepliaklqana
Kikubaaqudgha
Makhleb
Nemelex Xobeh
Okawaru
Qazlal
Ru
Sif Muna
Trog
Uskayaw
Vehumet
Wu Jian
Xom
Yredelemnul
Zin
The Shining One
Beogh
Jiyva

Shops:
D:5 ?[:*   D:9 }   D:15 ?   Orc:1 *=   Orc:2 }(*(   Elf:2 *   Elf:3 !
Shoals:1 %   Snake:1 *(   Snake:3 ?   Snake:4 ((   Vaults:1 =   Vaults:2 [:?
Vaults:3 [[!   Depths:1 !   Depths:4 =}=

Portals:
Hell: Depths:1 Depths:2 Depths:3 Depths:4 Depths:5
Abyss: Depths:1 Depths:2 Depths:3 Depths:4 Depths:5
Pandemonium: Depths:1 Depths:3 Depths:5
Ziggurat: Depths:3

Annotations:
D:5 1 runed door
Lair:2 exclusion: ice statue
Lair:3 exclusion: 2 oklob plants
Lair:6 1 runed door
Shoals:4 Ilsuiw
Elf:1 exclusion: orange crystal statue


Innate Abilities, Weirdness & Mutations

You reflexively headbutt those who attack you in melee.
You have a pair of horns on your head.
You are missing a hand.
You are somewhat unskilled. (-1 Apt)
You are somewhat inexperienced. (-2 XL)
You are clumsy. (Dex -2)


Message History

* * * LOW HITPOINT WARNING * * *
The storm dragon closely misses you.
The storm dragon tramples you but does no damage.
You feel better.
You redirect the storm dragon's attack!
The storm dragon barely misses itself.
The storm dragon claws itself!
The storm dragon tramples itself!!
The storm dragon dies!
The storm dragon scales are intact enough to wear.
The red draconian hits you with a morningstar.
* * * LOW HITPOINT WARNING * * *
You slash the red draconian!
The red draconian seems to slow down.
You freeze the red draconian. You headbutt the red draconian!
The red draconian is moderately wounded.
You hit the red draconian.
The red draconian seems to slow down.
You freeze the red draconian.
The red draconian is moderately wounded.
The red draconian barely misses you. You furiously retaliate!
You headbutt the red draconian! You hit the red draconian.
You freeze the red draconian.
The red draconian is heavily wounded.
The moth of wrath goads the shadow dragon on!
The shadow dragon goes berserk!
Your Maxwell's patent armour prevents you from hitting the red draconian.
The red draconian is heavily wounded.
The red draconian is no longer berserk.
The red draconian barely misses you.
You hit the red draconian. You freeze the red draconian.
Your headbutt misses the red draconian.
The red draconian is heavily wounded.
You hit the red draconian but do no damage.
The red draconian is heavily wounded.
The red draconian barely misses you. You furiously retaliate!
You headbutt the red draconian! You slice the red draconian!!
You freeze the red draconian. You headbutt the red draconian.
The red draconian is almost dead.
You slash the red draconian! You freeze the red draconian.
You kill the red draconian!
You hear a distant "Zot"!
You hit the shadow dragon but do no damage.
The shadow dragon is stunned by your will and fails to attack.
You barely miss the shadow dragon.
The shadow dragon bites you but does no damage.
The shadow dragon completely misses you.
The shadow dragon closely misses you.
You closely miss the moth of wrath. You headbutt the moth of wrath!
The moth of wrath is moderately wounded.
You hit the shadow dragon but do no damage.
The shadow dragon bites you!
* * * LOW HITPOINT WARNING * * *
You partially resist.
You feel drained.
* * * LOW HITPOINT WARNING * * *
The shadow dragon misses you. The shadow dragon closely misses you.
The moth of wrath bites you but does no damage.
Your Maxwell's patent armour prevents you from hitting the moth of wrath.
You headbutt the moth of wrath.
The moth of wrath is moderately wounded.
You slash the shadow dragon!
The shadow dragon bites you but does no damage.
The shadow dragon claws you but does no damage. x2
The moth of wrath bites you but does no damage.
The shadow dragon bites you!
* * * LOW HITPOINT WARNING * * *
You focus your will and blind the shadow dragon in retribution!
The shadow dragon claws you but does no damage. x2
Okay, then.
As you read the scroll of fear, it crumbles to dust.
You assume a fearsome visage.
The moth of wrath looks frightened!
The shadow dragon bites you but does no damage.
The shadow dragon claws you but does no damage. x2
The shadow dragon closely misses you. The shadow dragon barely misses you.
The shadow dragon misses you.
You reach down and open the door.
The shadow dragon bites you!
* * * LOW HITPOINT WARNING * * *
You focus your will and blind the shadow dragon in retribution!
The shadow dragon closely misses you. x2
Really read
S - 3 scrolls of blinking {!r}?
You cannot blink because you are wearing the +15 Maxwell's patent armour {-Cast -Tele rElec MR+ rCorr}.
Okay, then.
Unknown command.
Unknown command.
Unknown command.
Unknown command.
Unknown command.
Unknown command.
You redirect the shadow dragon's attack!
The shadow dragon bites itself!!
The shadow dragon barely misses itself. x2
There is an open door, spattered with blood here.
Okay, then.
Unknown command.
The shadow dragon bites you.
* * * LOW HITPOINT WARNING * * *
The shadow dragon completely misses you.
The shadow dragon claws you but does no damage.
You feel less exhausted. The shadow dragon closely misses you.
The shadow dragon claws you but does no damage. x2
The moth of wrath seems to regain its courage.
The shadow dragon bites you!
You die...

..##..###...
#.........#######.
..##..##d....
#.................
..#..##D.....
#y#.....###.#....#
.†...#*....<.# #.##...##
#.#...^. ....##..#....#
#.##+#'# #.....##
...##..##....#
#.##+#'#####...##. ..###..#
....# #.##...##..#...#..
.###.D## .#
#.######...#...... ###...#
#@#####........##. #...#
##D...##.......####
.#.#########......##.#......#
#......^^........###}#....#
#...#...##.#.......# ###...##
#######.)..'.......+ #.....#
####.##.....## #....⌠#
#####...## ####### #####


You could see a shadow dragon (berserk) and a moth of wrath.

Vanquished Creatures
  3 ancient liches
  An orb of fire (Zot:2)
  A juggernaut (Depths:4)
  Mennas (Depths:4)
  Sojobo (Depths:4)
  Saint Roka (Depths:2)
  A curse toe (Zot:2)
  2 caustic shrikes (Depths:4)
  10 golden dragons
  Jory (Depths:4)
  A bone dragon (Depths:5)
  2 electric golems
  5 liches
  Jorgrun (Shoals:2)
  11 tentacled monstrosities
  2 titans
  6 quicksilver dragons
  2 deep elf master archers (Elf:3)
  3 deep elf blademasters
  6 death cobs
  Asterion (Vaults:1)
  Polyphemus (Shoals:3)
  A kraken (Shoals:1)
  A tentacled starspawn (Abyss:3)
  Kirke (Shoals:2)
  3 sphinxes
  11 tengu reavers
  Roxanne (Shoals:2)
  Agnes (Snake:1)
  7 shadow dragons
  7 storm dragons
  9 fire giants
  9 nagarajas
  3 draconian monks (Zot:2)
  2 draconian knights
  6 frost giants
  An orc warlord (Orc:2)
  An iron dragon (Vaults:5)
  Louise (Depths:5)
  The ghost of Monsterracer the Unseen, an adept SpEn of Uskayaw (Snake:3)
  7 deep elf elementalists
  4 draconian scorchers
  20 ironheart preservers
  Aizul (Snake:1)
  8 deep elf sorcerers
  20 vault wardens
  2 draconian shifters
  5 spriggan defenders
  A reaper (IceCv)
  2 ghouls
  A war gargoyle (Vaults:5)
  A draconian annihilator (Depths:5)
  2 draconian stormcallers
  21 stone giants
  25 very ugly things
  4 vampire knights
  11 deep elf demonologists
  10 purple draconians (WizLab)
  11 deep elf annihilators
  2 entropy weavers
  5 green draconians
  2 black draconians
  5 yellow draconians
  4 spark wasps
  6 white draconians
  3 red draconians
  A blizzard demon (Abyss:2)
  4 merfolk javelineers
  20 ettins
  A minotaur (Lab)
  7 fire dragons
  13 deep elf death magi
  18 ogre magi
  5 merfolk impalers
  7 deep elf high priests
  Josephine (Lair:6)
  An ettin (shapeshifter) (Depths:4)
  9 statues (WizLab)
  14 yaktaur captains
  10 great orbs of eyes
  6 hydras
  6 rakshasas
  32 vault guards
  Harold (Orc:1)
  2 spriggan air magi (Depths:4)
  22 naga warriors
  13 ice dragons
  A hell beast (Depths:2)
  4 catoblepae
  A merfolk avatar (Shoals:4)
  13 centaur warriors
  Erica (D:8)
  A two-headed ogre (shapeshifter) (Vaults:3)
  6 merfolk aquamancers
  22 anacondas
  3 satyrs
  11 deep troll earth magi
  54 two-headed ogres
  13 deep troll shamans
  4 death knights
  A spriggan berserker (Depths:2)
  A vampire mage (Depths:1)
  5 death yaks
  7 shock serpents
  19 dancing weapons
  13 naga sharpshooters
  Urug (Lair:5)
  5 tengu warriors
  2 orc high priests
  A soul eater (Abyss:3)
  A sun demon (Depths:2)
  The ghost of AdmiralAndromeda the Carver, a novice MiBe of Trog (D:10)
  5 iron trolls
  3 wretched stars (Abyss:3)
  29 deep elf knights
  3 salamander mystics
  3 shadow wraiths
  11 skeletal warriors
  A fire crab (shapeshifter) (Vaults:2)
  A storm dragon zombie (D:15)
  11 hell knights
  6 sea snakes
  5 wizards
  36 deep trolls
  A storm dragon skeleton (Vaults:4)
  3 glowing orange brains
  5 unseen horrors
  A sea snake (shapeshifter) (Vaults:5)
  6 naga ritualists
  3 flayed ghosts
  7 phantasmal warriors
  6 starcursed masses (Abyss:2)
  21 deep elf archers
  19 orc knights
  8 necromancers
  113 deep elf magi
  An orb spider (shapeshifter) (Vaults:1)
  17 ironbrand convokers
  3 wolf spider zombies
  17 harpies
  An iron dragon zombie (D:15)
  6 mana vipers
  10 orc sorcerers
  31 ugly things
  A stone giant zombie (Vaults:4)
  17 fauns
  5 cyclopes
  17 moths of wrath
  15 manticores
  21 salamanders
  18 elephants
  Maurice (Orc:2)
  2 apocalypse crabs
  A faun (shapeshifter) (Depths:3)
  16 vault sentinels
  23 naga magi
  A spriggan zombie (D:15)
  A frost giant skeleton (Vaults:4)
  A centaur zombie (D:15)
  2 black mambas (shapeshifter)
  28 black mambas
  A human skeleton (Vaults:4)
  15 guardian serpents
  7 gargoyles
  6 water nymphs
  A guardian serpent (shapeshifter) (Depths:4)
  An orange demon (Depths:5)
  14 merfolk sirens
  A storm dragon simulacrum (D:15)
  18 spiny frogs
  2 ice statues (IceCv)
  A rust devil (Depths:5)
  A smoke demon (Abyss:3)
  A kobold demonologist (D:13)
  A spiny frog (shapeshifter) (Depths:5)
  A rime drake (Lair:6)
  A human zombie (Vaults:4)
  A yaktaur (shapeshifter) (Depths:2)
  9 ice devils (IceCv)
  2 rime drakes (shapeshifter)
  60 yaktaurs
  A tormentor (Depths:5)
  8 komodo dragons
  A yaktaur skeleton (Vaults:4)
  A komodo dragon (shapeshifter) (Depths:2)
  5 freezing wraiths
  A golden dragon simulacrum (Depths:2)
  A harpy zombie (D:15)
  A jumping spider (shapeshifter) (Vaults:4)
  24 merfolk
  3 meliai (D:15)
  A red devil (Depths:5)
  A polar bear (shapeshifter) (Vaults:1)
  A troll (shapeshifter) (Vaults:3)
  11 trolls
  8 hornets
  6 polar bears
  18 dream sheep
  11 snapping turtles
  2 wind drakes
  A wind drake (shapeshifter) (Vaults:5)
  6 raiju (Abyss:3)
  2 hippogriffs (shapeshifter)
  22 blink frogs
  A harpy skeleton (Volcano)
  A blink frog (shapeshifter) (Vaults:4)
  13 slime creatures
  A slime creature (shapeshifter) (Vaults:3)
  9 hippogriffs
  3 spriggan skeletons
  An alligator skeleton (Volcano)
  A human simulacrum (Vaults:3)
  3 flying skulls (Volcano)
  A shadow (D:15)
  A spriggan (shapeshifter) (Depths:2)
  8 air elementals
  5 redbacks
  3 spriggans
  20 water elementals
  8 wraiths
  52 yaks
  7 wyverns
  3 fire bats (Lair:5)
  4 large abominations
  4 basilisks
  4 hungry ghosts
  2 fire elementals
  2 chaos spawn
  Menkaure (D:5)
  4 vampire mosquitoes (D:14)
  3 neqoxecs
  3 hogs (Shoals:2)
  55 nagas
  A soldier ant (shapeshifter) (Vaults:4)
  7 wargs
  Edmund (D:4)
  A soldier ant (D:12)
  2 acid dragons
  4 hell hounds (Abyss:2)
  9 porcupines
  10 water moccasins
  A deep troll skeleton (Vaults:4)
  55 orc warriors
  A floating eye (shapeshifter) (Vaults:5)
  A floating eye (Depths:4)
  2 swamp drakes (shapeshifter) (Depths:3)
  2 black bears
  A phantom (D:12)
  2 sky beasts
  A black bear (shapeshifter) (Depths:5)
  An eye of draining (shapeshifter) (Depths:4)
  A necrophage (D:13)
  11 ice beasts
  An elf zombie (Vaults:4)
  4 wolves (Lair:3)
  6 boggarts (Depths:4)
  A crocodile (shapeshifter) (Vaults:5)
  41 ogres
  19 crocodiles
  40 centaurs
  A bullfrog (shapeshifter) (Depths:3)
  3 big kobolds
  23 bullfrogs
  2 earth elementals
  13 scorpions
  18 killer bees
  2 troll skeletons (Volcano)
  4 wights (D:15)
  3 electric eels
  A jelly (D:15)
  3 howler monkeys (D:10)
  5 crimson imps
  A bullfrog zombie (D:7)
  4 hounds
  A quasit (Abyss:2)
  A gnoll shaman (D:8)
  7 centaur skeletons
  2 iron imps
  40 orc priests
  42 orc wizards
  3 bullfrog skeletons
  Terence (D:3)
  4 iguanas
  Ijyb (D:5)
  9 worker ants
  7 hell rats (Lair:6)
  3 small abominations
  8 gnolls
  16 adders
  2 shadow imps
  17 white imps
  12 ufetubi
  3 adder skeletons
  4 worms
  3 dart slugs
  3 leopard geckos
  117 orcs
  6 giant cockroaches
  11 hobgoblins
  4 jackals (D:3)
  A quokka (shapeshifter) (Vaults:3)
  2 quokkas
  A ball python (Snake:1)
  5 bats
  4 frilled lizards
  5 goblins
  A jackal zombie (D:8)
  20 kobolds
  A quokka zombie (D:5)
  8 rats
  6 crawling corpses
  4 fungi (Lair:6)
  15 plants
  A starspawn tentacle (Abyss:3)
  4 tentacles (Shoals:1)
2476 creatures vanquished.

Vanquished Creatures (collateral kills)
  Bai Suzhen (Shoals:4)
  A spiny frog (Lair:5)
  A crocodile (Lair:5)
3 creatures vanquished.

Vanquished Creatures (others)
  A death cob (Zot:1)
  2 storm dragons
  A nagaraja (Snake:4)
  A tengu reaver (Vaults:5)
  An orc warlord (Elf:1)
  An ironheart preserver (Vaults:3)
  A stone giant (Vaults:5)
  A spark wasp (Depths:3)
  A fire dragon (Depths:3)
  An ettin (Depths:3)
  A rakshasa (Depths:1)
  A vault guard (Vaults:3)
  A spriggan air mage (Depths:2)
  An ice dragon (Shoals:3)
  A merfolk avatar (Shoals:4)
  2 anacondas (Snake:1)
  A dancing weapon (Elf:1)
  A two-headed ogre (Depths:3)
  A death yak (Lair:6)
  2 deep elf knights
  3 shock serpents
  A naga sharpshooter (Snake:3)
  A salamander mystic (Snake:4)
  2 deep trolls
  An ironbrand convoker (Vaults:1)
  A phantasmal warrior (Vaults:3)
  6 deep elf magi
  A wolf spider (Vaults:2)
  A faun (Shoals:2)
  A cyclops (D:15)
  A salamander (Snake:4)
  4 moths of wrath
  2 manticores
  A black mamba (Snake:4)
  A merfolk siren (Shoals:3)
  A naga mage (Snake:4)
  A guardian serpent (Snake:4)
  A komodo dragon (Lair:6)
  7 yaktaurs
  3 merfolk (Shoals:3)
  A meliai (shapeshifter) (Vaults:4)
  A troll (D:14)
  2 blink frogs (Lair:6)
  A slime creature (Depths:1)
  A wraith (Vaults:1)
  A yak (Lair:6)
  2 nagas
  2 small abominations
  3 orc warriors
  A boggart (Depths:4)
  A centaur (Vaults:4)
  A troll skeleton (Volcano)
  An electric eel (D:12)
  An orc priest (Vaults:2)
  2 orc wizards (Orc:2)
  A worker ant (D:6)
  An adder (D:6)
  A white imp (IceCv)
  3 ufetubi (IceCv)
  4 orcs
  A kobold (D:9)
  A quokka (shapeshifter) (Depths:3)
  A quokka zombie (D:9)
  23 fungi
  38 plants
  A starspawn tentacle (Abyss:3)
  2 tentacles (Shoals:1)
  3 withered plants (D:15)
164 creatures vanquished.

Grand Total: 2643 creatures vanquished

Notes
Turn   | Place    | Note
-------+----------+-------------------------------------------
     0 | D:1      | Mgcat the Minotaur Monk began the quest for the Orb.
     0 | D:1      | Reached XP level 1. HP: 19/19 MP: 0/0
   234 | D:1      | Reached skill level 4 in Fighting
   234 | D:1      | Reached skill level 4 in Maces & Flails
   234 | D:1      | Reached XP level 2. HP: 22/27 MP: 1/1
   713 | D:2      | Reached XP level 3. HP: 23/34 MP: 2/2
  1032 | D:2      | HP: 8/34 [worm (9)]
  1720 | D:3      | Noticed Terence
  1728 | D:3      | Killed Terence
  1728 | D:3      | Reached skill level 5 in Fighting
  1728 | D:3      | Reached skill level 5 in Maces & Flails
  1728 | D:3      | Reached XP level 4. HP: 36/42 MP: 3/3
  2263 | D:3      | Reached XP level 5. HP: 47/48 MP: 4/4
  2364 | D:4      | Found a bloodstained altar of Trog.
  2364 | D:4      | Found a hazy altar of Hepliaklqana.
  2365 | D:4      | Found a sparkling altar of Nemelex Xobeh.
  2365 | D:4      | Found a stormy altar of Qazlal.
  2366 | D:4      | Found a bloodstained altar of Trog.
  2366 | D:4      | Found a shattered altar of Ashenzari.
  2368 | D:4      | Found a white marble altar of Elyvilon.
  2369 | D:4      | Found a hazy altar of Hepliaklqana.
  2369 | D:4      | Found a stormy altar of Qazlal.
  2369 | D:4      | Found a shimmering altar of Xom.
  2375 | D:4      | Found a shattered altar of Ashenzari.
  2375 | D:4      | Found a shimmering altar of Xom.
  2377 | D:4      | Noticed Edmund
  2381 | D:4      | Found a staircase to the Ecumenical Temple.
  2397 | D:4      | Killed Edmund
  2397 | D:4      | Reached skill level 6 in Fighting
  2397 | D:4      | Reached skill level 6 in Maces & Flails
  2430 | Temple   | Entered the Ecumenical Temple
  2613 | Temple   | Became a worshipper of Ru the Awakened
  2620 | Temple   | Gained mutation: You are somewhat inexperienced. (-2 XL) [Ru sacrifice]
  2620 | Temple   | Reached XP level 4. HP: 44/44 MP: 3/3
  2620 | Temple   | Reached XP level 3. HP: 37/37 MP: 2/2
  2620 | Temple   | Reached * piety under Ru
  2620 | Temple   | Reached ** piety under Ru
  2660 | D:4      | Noticed an orc warrior
  2686 | D:3      | Reached XP level 4. HP: 12/44 MP: 3/3
  2692 | D:3      | HP: 11/44 [orc warrior/flail (3)]
  2693 | D:3      | Killed an orc warrior
  2693 | D:3      | Reached XP level 5. HP: 12/51 MP: 4/4
  3148 | D:4      | Reached skill level 7 in Fighting
  3148 | D:4      | Reached skill level 7 in Maces & Flails
  3237 | D:4      | Reached XP level 6. HP: 60/60 MP: 5/5
  3451 | D:4      | You fall through a shaft for 3 floors!
  3501 | D:6      | Noticed an orc warrior
  3516 | D:6      | Killed an orc warrior
  3516 | D:6      | Reached skill level 8 in Fighting
  3516 | D:6      | Reached skill level 8 in Maces & Flails
  3516 | D:6      | Reached XP level 7. HP: 38/68 MP: 6/6
  3828 | D:6      | Reached skill level 9 in Fighting
  3828 | D:6      | Reached skill level 9 in Maces & Flails
  3831 | D:6      | Reached XP level 8. HP: 64/78 MP: 7/7
  3920 | D:6      | Found a glowing silver altar of Zin.
  4055 | D:6      | Found a shadowy altar of Dithmenos.
  4078 | D:6      | Found a shattered altar of Ashenzari.
  4120 | D:6      | Gained mutation: You are somewhat unskilled. (-1 Apt) [Ru sacrifice]
  4120 | D:6      | Reduced skill Fighting to level 8
  4120 | D:6      | Reduced skill Maces & Flails to level 8
  4120 | D:6      | Reached *** piety under Ru
  4120 | D:6      | Reached **** piety under Ru
  4153 | D:6      | Reached skill level 9 in Fighting
  4153 | D:6      | Reached skill level 9 in Maces & Flails
  4421 | D:5      | Entered Level 5 of the Dungeon
  4469 | D:5      | Noticed Ijyb
  4506 | D:5      | Killed Ijyb
  4548 | D:5      | Found Qateg's Armour Shop.
  4554 | D:5      | Bought the cursed +1 chain mail of Vehumet's Approval {rElec MR++ MP-9} for 130 gold pieces
  4598 | D:5      | Noticed Menkaure
  4607 | D:5      | Killed Menkaure
  4671 | D:5      | Found an ornate altar of the Wu Jian Council.
  4700 | D:5      | Reached XP level 9. HP: 82/85 MP: 0/8
  4785 | D:5      | Found Nailab's General Store.
  4862 | D:5      | Found a runed door.
  4951 | D:5      | Found Zoodghy's Book Boutique.
  5020 | D:5      | Reached skill level 10 in Maces & Flails
  5026 | D:5      | Found Lutinle's Magic Scroll Shop.
  5111 | D:5      | Reached skill level 10 in Fighting
  5636 | D:7      | Found an ornate altar of the Wu Jian Council.
  5791 | D:7      | Noticed a deep elf mage
  5797 | D:7      | HP: 19/86 [deep elf mage/bolt of negative energy (12)]
  5801 | D:7      | Killed a deep elf mage
  5943 | D:7      | Reached skill level 11 in Maces & Flails
  6159 | D:8      | Identified a scroll of acquirement
  6183 | D:8      | Reached skill level 11 in Fighting
  6296 | D:8      | Reached XP level 10. HP: 84/96 MP: 0/9
  6298 | D:8      | Found a staircase to the Lair.
  6564 | D:8      | Reached skill level 12 in Fighting
  6564 | D:8      | Reached skill level 12 in Maces & Flails
  6586 | D:8      | Noticed a two-headed ogre
  6595 | D:8      | Killed a two-headed ogre
  6719 | D:8      | Noticed Erica
  6746 | D:8      | Killed Erica
  7263 | D:9      | Reached skill level 13 in Fighting
  7263 | D:9      | Reached skill level 13 in Maces & Flails
  7422 | D:9      | Found Xipahiul's Gadget Shoppe.
  7456 | D:9      | Reached XP level 11. HP: 107/107 MP: 1/10
  7696 | D:9      | Found a stormy altar of Qazlal.
  7696 | D:9      | Found a bloodstained altar of Trog.
  7845 | D:10     | Entered Level 10 of the Dungeon
  8017 | D:10     | Found a staircase to the Orcish Mines.
  8067 | D:10     | Noticed AdmiralAndromeda's ghost (novice MiBe)
  8076 | D:10     | Killed AdmiralAndromeda's ghost
  8507 | D:10     | Found a roughly hewn altar of Beogh.
  8652 | D:11     | Noticed a red ugly thing
  8661 | D:11     | Killed a red ugly thing
  8938 | D:11     | Reached skill level 14 in Fighting
  8938 | D:11     | Reached skill level 14 in Maces & Flails
  9096 | D:11     | Found a glowing golden altar of the Shining One.
  9530 | Lair:1   | Entered Level 1 of the Lair of Beasts
 10068 | Lair:1   | Gained mutation: You are missing a hand. [Ru sacrifice]
 10068 | Lair:1   | Reached ***** piety under Ru
 10068 | Lair:1   | Reached ****** piety under Ru
 10194 | D:5      | Bought a +3 whip of electrocution for 301 gold pieces
 10689 | Lair:1   | Reached skill level 1 in Armour
 10726 | Lair:2   | Noticed an ice dragon
 10795 | Lair:2   | Reached XP level 12. HP: 104/118 MP: 2/11
 10815 | Lair:2   | Reached skill level 2 in Armour
 10940 | Lair:2   | Reached skill level 4 in Dodging
 11166 | Lair:2   | Reached skill level 3 in Armour
 11189 | Lair:2   | Reached skill level 15 in Maces & Flails
 11203 | Lair:2   | Reached skill level 15 in Fighting
 11293 | Lair:2   | Killed an ice dragon
 11670 | Lair:2   | Reached skill level 4 in Armour
 11683 | Lair:2   | Reached skill level 5 in Dodging
 12035 | Lair:3   | Found a labyrinth entrance.
 12059 | Lab      | Entered a labyrinth
 12303 | Lab      | Noticed a minotaur
 12319 | Lab      | Killed a minotaur
 12390 | Lair:3   | Reached skill level 5 in Armour
 12491 | Lair:3   | Reached skill level 6 in Dodging
 12771 | Lair:3   | Reached XP level 13. HP: 102/127 MP: 12/12
 12866 | Lair:3   | Reached skill level 6 in Armour
 12913 | Lair:3   | Found a staircase to the Snake Pit.
 12977 | Lair:3   | Found a staircase to the Shoals.
 13633 | Lair:4   | Reached skill level 7 in Dodging
 14600 | Lair:5   | Reached skill level 7 in Armour
 14686 | Lair:5   | Reached skill level 16 in Maces & Flails
 14760 | Lair:5   | Reached skill level 16 in Fighting
 14824 | Lair:5   | Noticed Urug
 14838 | Lair:5   | Killed Urug
 14907 | Lair:5   | Found a dark tunnel.
 14919 | Volcano  | Entered a volcano
 15046 | Volcano  | Got a brightly glowing broad axe
 15092 | Volcano  | Identified the cursed +1 broad axe of Esergh {freeze, rElec rN+ Dex+5} (You found it in a volcano)
 15421 | Lair:5   | Reached skill level 8 in Dodging
 15443 | Lair:5   | Reached skill level 8 in Armour
 15917 | Lair:6   | Entered Level 6 of the Lair of Beasts
 16028 | Lair:6   | Reached XP level 14. HP: 43/138 MP: 13/13
 16038 | Lair:6   | HP: 21/138 [manticore (17)]
 16043 | Lair:6   | HP: 10/138 [poisoned by a black mamba]
 16048 | Lair:6   | HP: 27/138 [poisoned by a black mamba]
 16054 | Lair:6   | HP: 34/138 [poisoned by a black mamba]
 16304 | Lair:6   | Reached skill level 9 in Armour
 16304 | Lair:6   | Reached skill level 9 in Dodging
 16590 | Lair:6   | Noticed Josephine
 16615 | Lair:6   | Killed Josephine
 17019 | Lair:6   | Found a runed door.
 17023 | Lair:6   | Found a viscous altar of Jiyva.
 17023 | Lair:6   | Noticed an azure jelly
 17024 | Lair:6   | Found a staircase to the Slime Pits.
 17448 | Orc:1    | Entered Level 1 of the Orcish Mines
 17469 | Orc:1    | Paralysed by an orc sorcerer for 6 turns
 17478 | Orc:1    | Paralysed by an orc sorcerer for 3 turns
 17564 | Orc:1    | Found Paelir's General Store.
 17571 | Orc:1    | Bought a scroll of acquirement for 676 gold pieces
 17572 | Orc:1    | Found the +15 Maxwell's patent armour {-Cast -Tele rElec MR+ rCorr}
 17690 | Orc:2    | Entered Level 2 of the Orcish Mines
 17703 | Orc:1    | Reached skill level 17 in Fighting
 17703 | Orc:1    | Reached skill level 17 in Maces & Flails
 17721 | Orc:2    | Noticed Maurice
 17745 | Orc:2    | Reached skill level 10 in Armour
 17753 | Orc:2    | Killed Maurice
 17845 | Orc:2    | Paralysed by an orc sorcerer for 2 turns
 17937 | Orc:2    | Noticed an orc warlord
 17955 | Orc:2    | Killed an orc warlord
 17955 | Orc:2    | Reached skill level 10 in Dodging
 17991 | Orc:2    | HP: 31/140 [orc priest/divine providence (12)]
 18000 | Orc:1    | Noticed Harold
 18016 | Orc:1    | Killed Harold
 18094 | Orc:2    | Found a frozen archway.
 18130 | IceCv    | Entered an ice cave
 18208 | IceCv    | Reached XP level 15. HP: 128/147 MP: 14/14
 18647 | Orc:2    | Found a staircase to the Elven Halls.
 18679 | Orc:2    | Found Ditoig's Assorted Antiques.
 18679 | Orc:2    | Found Kur Giogupe's Antique Weapon Boutique.
 18679 | Orc:2    | Found Simit's Antique Weapon Shop.
 18682 | Orc:2    | Found Ivoxziwoige's Gadget Shop.
 19187 | Orc:1    | Found Buorghou's Jewellery Shop.
 19420 | D:12     | HP: 31/147 [freezing wraith[a death knight] (19)]
 19420 | D:12     | HP: 10/147 [phantasmal warrior[a death knight] (19)]
 20299 | D:13     | Reached skill level 11 in Armour
 20442 | D:13     | Found a gate to the Vaults.
 20816 | D:14     | Reached skill level 1 in Axes
 20876 | D:14     | Reached skill level 11 in Dodging
 20983 | D:14     | Reached skill level 2 in Axes
 21637 | D:15     | Entered Level 15 of the Dungeon
 21668 | D:15     | Reached skill level 3 in Axes
 21844 | D:15     | Found Ponistug's Magic Scroll Shop.
 22070 | D:15     | Reached skill level 18 in Fighting
 22092 | D:15     | Reached skill level 4 in Axes
 22210 | D:15     | Found a staircase to the Depths.
 22807 | Snake:1  | Entered Level 1 of the Snake Pit
 22815 | Snake:1  | Reached skill level 12 in Armour
 22833 | Snake:1  | Noticed Agnes
 22843 | Snake:1  | Killed Agnes
 22851 | Snake:1  | Reached XP level 16. HP: 78/157 MP: 15/15
 23183 | Snake:1  | Reached skill level 5 in Axes
 23213 | Snake:1  | Reached skill level 1 in Throwing
 23250 | Snake:1  | Noticed Aizul
 23275 | Snake:1  | Killed Aizul
 23548 | Snake:1  | Reached skill level 2 in Throwing
 23580 | Snake:1  | Found Nuczoy Alogu's General Store.
 23584 | Snake:1  | Found Ykafor's Weapon Shoppe.
 24375 | Snake:2  | Reached skill level 12 in Dodging
 24491 | Snake:2  | Reached skill level 6 in Axes
 24686 | Snake:2  | Reached skill level 3 in Throwing
 24745 | Snake:2  | Found the +7 longbow "Piercer" {penet, EV-2}
 25078 | Snake:2  | You fall through a shaft!
 25341 | Snake:3  | HP: 39/159 [naga warrior/halberd (14)]
 25346 | Snake:3  | HP: 38/159 [poisoned by a naga warrior (splash of poison)]
 25350 | Snake:2  | HP: 12/159 [naga sharpshooter/bolt (14)]
 25356 | Snake:2  | HP: 33/159 [naga sharpshooter/bolt (11)]
 25362 | Snake:2  | HP: 35/159 [poisoned by a naga warrior (splash of poison)]
 25370 | Snake:2  | HP: 39/159 [poisoned by a naga warrior (splash of poison)]
 25500 | Snake:3  | Noticed Monsterracer's ghost (adept SpEn)
 25529 | Snake:3  | Reached skill level 7 in Axes
 25537 | Snake:3  | Killed Monsterracer's ghost
 25537 | Snake:3  | Reached skill level 4 in Throwing
 25565 | Snake:3  | Reached skill level 13 in Armour
 25814 | Snake:3  | Found Osagok's Magic Scroll Boutique.
 26235 | Snake:4  | Entered Level 4 of the Snake Pit
 26314 | Snake:4  | Cast into level 2 of the Abyss (salamander)
 26338 | Abyss:2  | Reached XP level 17. HP: 164/166 MP: 16/16
 26576 | Abyss:2  | Paralysed by accursed screaming for 1 turns
 26579 | Abyss:2  | Reached skill level 5 in Throwing
 26602 | Abyss:2  | Noticed an ancient lich
 26630 | Abyss:2  | Killed an ancient lich
 26630 | Abyss:2  | Reached skill level 8 in Axes
 26632 | Snake:4  | Escaped the Abyss
 26798 | Snake:4  | Found Oxyoral's Antique Weapon Shop.
 26803 | Snake:4  | Found Egrausk's Weapon Shop.
 26872 | Snake:4  | Reached skill level 19 in Fighting
 26914 | Snake:4  | Reached skill level 13 in Dodging
 27253 | D:5      | Bought a manual of Fighting for 1324 gold pieces
 27774 | Snake:4  | HP: 42/168 [naga warrior/trident (14)]
 27795 | Snake:4  | Reached skill level 6 in Throwing
 28191 | Snake:4  | Reached skill level 9 in Axes
 28473 | Snake:4  | Reached skill level 14 in Armour
 29021 | Snake:4  | Reached XP level 18. HP: 144/178 MP: 17/17
 29028 | Snake:4  | Reached skill level 7 in Throwing
 29215 | Snake:4  | Got a serpentine rune of Zot
 29359 | Shoals:1 | Entered Level 1 of the Shoals
 29456 | Shoals:1 | Found Ysaodit's Food Shop.
 29470 | Shoals:1 | Reached skill level 10 in Axes
 29516 | Shoals:1 | Reached skill level 20 in Fighting
 30247 | Shoals:2 | Noticed Roxanne
 30455 | Shoals:2 | Reached skill level 14 in Dodging
 30541 | Shoals:2 | Noticed Jorgrun
 30563 | Shoals:2 | Killed Jorgrun
 30598 | Shoals:2 | Noticed Kirke
 30615 | Shoals:2 | Killed Kirke
 30983 | Shoals:2 | Killed Roxanne
 30983 | Shoals:2 | Reached skill level 8 in Throwing
 30984 | Shoals:2 | Identified Roxanne's Tome of the Mountains (You took it off Roxanne on level 2 of the Shoals)
 31189 | Shoals:3 | HP: 44/180 [merfolk impaler/trident (14)]
 31940 | Shoals:3 | Reached skill level 15 in Armour
 31976 | Shoals:3 | Reached skill level 11 in Axes
 32260 | Shoals:4 | Entered Level 4 of the Shoals
 32597 | Shoals:4 | Noticed Bai Suzhen
 32637 | Shoals:4 | HP: 30/180 [Bai Suzhen (19)]
 32645 | Shoals:4 | Killed Bai Suzhen
 32646 | Shoals:4 | Noticed Ilsuiw
 32670 | Shoals:3 | Reached XP level 19. HP: 70/188 MP: 18/18
 32892 | Shoals:4 | Reached skill level 21 in Fighting
 33056 | Shoals:4 | Noticed Polyphemus
 33095 | Shoals:4 | HP: 45/189 [Polyphemus (9)]
 33104 | Shoals:4 | HP: 39/189 [Polyphemus (12)]
 33111 | Shoals:3 | HP: 29/189 [catoblepas[Polyphemus] (12)]
 33115 | Shoals:3 | Killed Polyphemus
 33319 | Shoals:4 | Got a barnacled rune of Zot
 33652 | Elf:1    | Entered Level 1 of the Elven Halls
 33668 | Elf:1    | Reached skill level 9 in Throwing
 33761 | Elf:1    | Cast into level 3 of the Abyss (glaive of distortion)
 33838 | Abyss:3  | Found a corrupted altar of Lugonu.
 34186 | Elf:1    | Escaped the Abyss
 34370 | Elf:1    | Identified the Collected Works on the Entourage
 34560 | Elf:1    | Reached skill level 12 in Axes
 34942 | Elf:1    | Got a wavering graven amulet
 34944 | Elf:1    | Identified the amulet of Jenuw {Inacc Str+2} (You found it on level 1 of the Elven Halls)
 35074 | Elf:1    | HP: 26/190 [orc warrior/glaive (29)]
 35198 | Elf:1    | Found a roughly hewn altar of Beogh.
 35315 | Elf:2    | Reached skill level 15 in Dodging
 35545 | Elf:2    | Got a pearl-encrusted chain mail
 35556 | Elf:2    | Identified the +6 chain mail of the Swamp {rF+ MR+ Str-4 Stlth+} (You found it on level 2 of the Elven Halls)
 35586 | Elf:2    | Found Roejy's General Store.
 35710 | Elf:2    | Found a runed gate.
 35710 | Elf:2    | Found a runed gate.
 35710 | Elf:2    | Found a runed gate.
 35818 | Elf:2    | Reached skill level 10 in Throwing
 35825 | Elf:2    | Reached skill level 16 in Armour
 36053 | Elf:2    | Reached skill level 22 in Fighting
 36485 | Vaults:1 | Entered Level 1 of the Vaults
 36519 | Vaults:1 | Reached XP level 20. HP: 112/200 MP: 19/19
 36636 | Vaults:1 | HP: 19/200 [ogre mage (illusionary)/crystal spear (36)]
 37045 | Vaults:1 | Reached skill level 13 in Axes
 37444 | Vaults:1 | Noticed Asterion
 37464 | Vaults:1 | Killed Asterion
 37600 | Vaults:1 | Found Elutof's Jewellery Boutique.
 38359 | Vaults:2 | Found Aczass's Magic Scroll Boutique.
 38525 | Vaults:2 | Reached skill level 16 in Dodging
 38886 | Vaults:2 | Reached skill level 17 in Armour
 39115 | Vaults:2 | Found Enulic's Armour Shoppe.
 39203 | Vaults:2 | Found Hadomein's Book Boutique.
 39333 | Vaults:2 | Reached skill level 14 in Axes
 39344 | Vaults:2 | Reached skill level 23 in Fighting
 39834 | Vaults:3 | Found Iris's Distillery.
 40044 | Vaults:3 | Reached XP level 21. HP: 188/211 MP: 20/20
 40054 | Vaults:3 | Found Capnub's Assorted Antiques.
 40525 | Vaults:3 | Found Cafasyto's Armour Boutique.
 40624 | Vaults:3 | Found Mihuv's Armour Shoppe.
 40781 | Vaults:3 | Found a staircase to the Crypt.
 41334 | Vaults:4 | Reached skill level 15 in Axes
 41726 | Vaults:4 | Reached skill level 17 in Dodging
 41752 | Vaults:4 | Reached skill level 18 in Armour
 41889 | Vaults:4 | Got a bronze chain mail
 41890 | Vaults:4 | Identified the +3 chain mail of Depression {+Fly rElec rCorr Dex-5} (You found it on level 4 of the Vaults)
 42262 | Vaults:4 | Paralysed by a great orb of eyes for 5 turns
 43045 | Depths:1 | Entered Level 1 of the Depths
 43126 | Depths:1 | Reached XP level 22. HP: 186/222 MP: 21/21
 43164 | Depths:1 | Found Udotu's Distillery.
 44063 | Depths:1 | Reached skill level 16 in Axes
 44246 | Depths:1 | Found a one-way gate to the infinite horrors of the Abyss.
 44278 | Depths:1 | Reached skill level 24 in Fighting
 44523 | Depths:1 | Found a gateway to Hell.
 44553 | Depths:1 | Found a one-way gate leading to the halls of Pandemonium.
 44895 | Depths:2 | Noticed Saint Roka
 44950 | Depths:2 | Killed Saint Roka
 45256 | Depths:2 | Reached skill level 19 in Armour
 45339 | Depths:2 | Reached skill level 18 in Dodging
 46217 | Depths:2 | Noticed a golden dragon
 46230 | Depths:2 | Killed a golden dragon
 46230 | Depths:2 | Reached XP level 23. HP: 206/232 MP: 22/22
 46412 | Depths:3 | Found a magical portal.
 46440 | WizLab   | Entered Iskenderun's Mystic Tower
 46491 | WizLab   | Reached skill level 17 in Axes
 47085 | WizLab   | Identified Iskenderun's Incunabulum of Confrontation
 47085 | WizLab   | Identified Iskenderun's Compendium of Conjuration
 47099 | WizLab   | Identified Peddanoi's Reference Book on Lightness and Displacement
 47368 | Depths:3 | Found a gateway to a ziggurat.
 48542 | Depths:4 | Noticed Sojobo
 48562 | Depths:4 | Reached skill level 20 in Armour
 48578 | Depths:4 | Noticed Jory
 48597 | Depths:4 | Killed Sojobo
 48622 | Depths:4 | Killed Jory
 48883 | Depths:4 | Reached skill level 19 in Dodging
 49004 | Depths:4 | Noticed Mennas
 49051 | Depths:4 | Killed Mennas
 49051 | Depths:4 | Reached skill level 25 in Fighting
 49148 | Depths:4 | Reached skill level 18 in Axes
 49161 | Depths:4 | Noticed a caustic shrike
 49168 | Depths:4 | Killed a caustic shrike
 49217 | Depths:4 | Reached XP level 24. HP: 199/242 MP: 22/22
 49257 | Depths:4 | Paralysed by a floating eye for 2 turns
 49424 | Depths:4 | Noticed a juggernaut
 49440 | Depths:4 | Killed a juggernaut
 49565 | Depths:4 | Got a smoking chain mail
 49570 | Depths:4 | Identified the cursed +0 chain mail "Surgh" {rF+ Str+6} (You found it on level 4 of the Depths)
 50301 | Depths:4 | Found Ceomyvisch's Jewellery Boutique.
 50301 | Depths:4 | Found Domagiy's Gadget Emporium.
 50443 | Depths:4 | Found Oweith's Jewellery Boutique.
 50452 | Depths:4 | Bought the ring "Noema" {rElec rC+ Dex-5 SInv} for 306 gold pieces
 50500 | Depths:5 | Entered Level 5 of the Depths
 50915 | Depths:5 | Noticed Louise
 50930 | Depths:5 | Killed Louise
 51739 | Depths:5 | Found a gate to the Realm of Zot.
 52106 | Elf:3    | Entered Level 3 of the Elven Halls
 52161 | Elf:3    | Reached skill level 21 in Armour
 52303 | Elf:3    | Gained mutation: You are clumsy. (Dex -2) [a neqoxec]
 52338 | Elf:3    | Reached skill level 19 in Axes
 52349 | Elf:3    | Found Nuus's Distillery.
 52746 | Elf:3    | Got a warped lead amulet
 52772 | Elf:3    | Reached skill level 20 in Dodging
 53014 | Elf:3    | Got a steaming scale mail
 53034 | Elf:3    | Got a scintillating steel ring
 53075 | Elf:3    | Reached XP level 25. HP: 211/251 MP: 22/22
 53412 | Elf:3    | Identified the +3 scale mail "Suruini" {*Slow rN++ Regen+ Stlth+} (You took it off a deep elf blademaster on level 3 of the Elven Halls)
 53414 | Elf:3    | Identified the amulet "Durugih" {Harm *Drain rC- Str+5 Dex+3} (You took it off a deep elf demonologist on level 3 of the Elven Halls)
 53415 | Elf:3    | Identified the ring "Wontam" {rCorr rElec rPois MP+9 Str-3} (You took it off a deep elf death mage on level 3 of the Elven Halls)
 53462 | Elf:3    | Got a slimy ivory ring
 53484 | Elf:3    | Got a faintly glowing morningstar
 53485 | Elf:3    | Identified the +6 morningstar "Dil Hime" {freeze, +Blink rN+ SInv} (You found it on level 3 of the Elven Halls)
 53491 | Elf:3    | Identified the ring of Pessimism {Ice rN++ Str+2 Int+2} (You took it off a deep elf death mage on level 3 of the Elven Halls)
 54048 | Vaults:3 | Bought a potion of haste for 190 gold pieces
 54048 | Vaults:3 | Bought a potion of haste for 190 gold pieces
 54109 | Vaults:5 | Entered Level 5 of the Vaults
 54200 | Vaults:5 | Reached skill level 26 in Fighting
 54477 | Vaults:5 | Got a heavily runed copper ring
 54960 | Vaults:5 | Noticed an ancient lich
 54995 | Vaults:5 | Killed an ancient lich
 54995 | Vaults:5 | Reached skill level 20 in Axes
 55039 | Vaults:5 | Reached skill level 22 in Armour
 55126 | Vaults:5 | HP: 62/254 [???[an ironheart preserver] (48)]
 55128 | Vaults:5 | Paralysed by a floating eye for 4 turns
 55131 | Vaults:5 | HP: 48/254 [deep troll[an ironheart preserver] (3)]
 55135 | Vaults:5 | Got a faintly glowing robe
 55197 | Vaults:5 | HP: 56/255 [ettin/dire flail (14)]
 55202 | Vaults:5 | HP: 42/255 [tentacled monstrosity (4)]
 55391 | Vaults:5 | Got a steaming war axe {chop}
 55393 | Vaults:5 | Identified the +6 war axe "Saihoh" {chop, +Blink +Inv} (You took it off a frost giant on level 5 of the Vaults)
 55528 | Vaults:5 | Noticed an ancient lich
 55528 | Vaults:5 | Identified the ring "Iloup" {*Drain rF+++ rN+ Str+2} (You took it off an ironheart preserver on level 5 of the Vaults)
 55546 | Vaults:5 | Killed an ancient lich
 55891 | Vaults:5 | Reached skill level 21 in Dodging
 56235 | Vaults:5 | Got a silver rune of Zot
 57049 | Zot:1    | Entered Level 1 of the Realm of Zot
 58455 | Zot:2    | Reached skill level 21 in Axes
 58632 | Zot:2    | Reached skill level 27 in Fighting
 58684 | Zot:2    | HP: 44/257 [??? (33)]
 58976 | Zot:2    | Reached skill level 23 in Armour
 59045 | Zot:2    | Noticed an orb of fire
 59233 | Zot:2    | Killed an orb of fire
 59241 | Zot:2    | HP: 59/257 [storm dragon (7)]
 59246 | Zot:2    | HP: 31/257 [storm dragon (8)]
 59258 | Zot:2    | HP: 28/257 [shadow dragon (15)]
 59262 | Zot:2    | HP: 1/257 [shadow dragon (17)]
 59269 | Zot:2    | Mangled by a shadow dragon

Skill      XL: |  1  2  3  4  5  6  7  8  9 10 11 12 13 14 15 16 17 18 19 20 21 22 23 24 25 |
---------------+----------------------------------------------------------------------------+-----
Fighting       | 4 5 7 8 9 9 11 13 14 15 16 17 18 19 20 22 23 24 25 27 | 27.0
Maces & Flails | 4 5 7 8 9 9 11 13 14 15 16 17 | 17.6
Armour         | 1 5 8 10 12 13 14 15 16 17 18 19 20 21 23 | 23.1
Dodging        | 6 8 10 11 12 13 14 15 16 17 18 19 20 21 | 21.7
Axes           | 4 7 9 11 12 14 15 16 18 19 21 | 21.4
Throwing       | 4 6 8 10 | 10.0
Stealth        | |  1.4

Action                   |  1- 3 |  4- 6 |  7- 9 | 10-12 | 13-15 | 16-18 | 19-21 | 22-24 | 25-27 || total
-------------------------+-------+-------+-------+-------+-------+-------+-------+-------+-------++-------
Melee: Mace              |    65 |    71 |       |       |       |       |       |       |       ||   136
       Headbutt          |    13 |    29 |    48 |   198 |   407 |   549 |   694 |   695 |   398 ||  3031
       Whip              |    31 |       |       |   308 |       |       |       |       |       ||   339
       Dire flail        |     2 |    49 |   228 |   430 |       |       |       |       |       ||   709
       Morningstar       |       |       |       |   112 |   320 |     3 |       |       |   187 ||   622
       Broad axe         |       |       |       |       |  1133 |  1874 |  2158 |  2217 |  1375 ||  8757
       Unarmed           |       |       |       |       |       |     8 |       |       |       ||     8
Throw: Tomahawk          |       |       |       |       |     4 |    25 |     3 |    11 |       ||    43
Invok: Sacrifice Experie |     1 |       |       |       |       |       |       |       |       ||     1
       Sacrifice Skill   |       |       |     1 |       |       |       |       |       |       ||     1
       Draw Out Power    |       |       |     1 |       |     7 |    24 |    17 |    31 |    22 ||   102
       Reject Sacrifices |       |       |       |     1 |       |       |       |       |       ||     1
       Sacrifice a Hand  |       |       |       |     1 |       |       |       |       |       ||     1
       Apocalypse        |       |       |       |       |     3 |     4 |     1 |     1 |     2 ||    11
  Use: Scroll            |     2 |     5 |     2 |    14 |    12 |     4 |     9 |     7 |    13 ||    68
       Potion            |       |     1 |     1 |     1 |     3 |    13 |     1 |     8 |    13 ||    41
 Stab: Sleeping          |     3 |       |     1 |     1 |     1 |       |       |       |       ||     6
       Distracted        |     1 |     1 |     1 |     4 |     9 |    16 |    24 |    10 |    10 ||    76
       Invisible         |       |       |     7 |     8 |    35 |    43 |    20 |    41 |    15 ||   169
       Petrified         |       |       |       |     5 |    11 |       |    15 |       |       ||    31
       Paralysed         |       |       |       |     4 |    28 |    11 |    15 |    17 |     8 ||    83
       Petrifying        |       |       |       |     1 |     1 |       |       |       |       ||     2
       Held in net/web   |       |       |       |       |       |     3 |       |       |       ||     3
       Confused          |       |       |       |       |       |       |       |       |     1 ||     1
  Eat: Chunk             |     2 |     6 |    14 |    17 |    28 |    18 |    27 |    31 |     8 ||   151
       Ration            |       |       |       |     1 |     3 |     5 |     2 |     3 |     3 ||    17
Armor: Robe              |    12 |     4 |       |       |       |       |       |       |       ||    16
       Ring mail         |     3 |     6 |    25 |       |       |       |       |       |       ||    34
       Chain mail        |       |    28 |    63 |   246 |       |       |       |       |       ||   337
       Ice dragon scales |       |       |       |    92 |   143 |       |       |       |       ||   235
       Fire dragon scale |       |       |       |       |   139 |       |       |       |       ||   139
       Plate armour      |       |       |       |       |   700 |  1278 |   882 |  1037 |   830 ||  4727
Dodge: Dodged            |    73 |    54 |    90 |   245 |   945 |  1135 |  1054 |  1251 |   973 ||  5820
Block: Other             |       |       |       |       |       |       |     8 |   107 |       ||   115
       Reflection        |       |       |       |       |       |       |       |     2 |       ||     2

Vault maps used:
D:1:      lemuel_arrival_broad_hall
D:3:      first_ration, hangedman_decor_clover_reticule,
          corexii_item_surrounded_by_moat, uniq_terence
D:4:      temple_doors_ab, uniq_edmund
D:5:      serial_shops, nicolae_shop_waterfront, shop, kennysheep_mini,
          nicolae_shop_waterfront, corexii_item_surrounded_by_moat,
          serial_bayou_pond_a, lemuel_tele_altar, uniq_menkaure, uniq_ijyb,
          uniq_crazy_yiuf_cottage
D:6:      kennysheep_little_box, nicolae_overflow_crystal_walls,
          marbit_many_paths, st_stairs_11
D:7:      lemuel_coloured_pillars_altar, the_bakery, guppyfry_early_elven_hall
D:8:      due_lair_maze_entry_diamond, enter_ossuary_2, uniq_erica
D:9:      gammafunk_temple_overflow_statue, serial_shops, shop_coins,
          minivault_14
D:10:     minmay_orc_entry_temple_small
D:11:     tso_altar
D:12:     serial_glass, glass_columns_b, glass_columns_c, glass_columns_c,
          glass_columns_b, glass_columns_c, lemuel_freeze_loot_1
D:13:     david_vaults_2, evilmike_surprise_oklob
D:14:     hangedman_abyss_or_decor_stagger
D:15:     gammafunk_depths_entry_grave, serial_shops, nicolae_shop_waterfront,
          nicolae_twisting_strands
Temple:   regret_index_temple_sphere_string
Lair:2:   ice2_lemuel
Lair:3:   minmay_shoals_entry_lonely_mermaid, dummy_snake_entry,
          lab_entry_generic, beast_lair_carwin_2, infiniplex_staircase_pool_2,
          minmay_lair_oklob_chamber, serial_bayou_shore_b
Lair:4:   beast_lair_carwin_11, grunt_megastairs_5, serial_bayou_shore_a,
          serial_bayou_shore_b
Lair:5:   nicolae_volcano_entry_batcave, grunt_megastairs_2, uniq_urug
Lair:6:   evilmike_catoblepas_cave, slime_altar_2, uniq_josephine
Shoals:1: serial_shops, shop, nicolae_shoals_kraken_intersection
Shoals:2: uniq_jorgrun, uniq_kirke, uniq_roxanne
Shoals:3: argonaut_golden_fleece
Shoals:4: shoals_end_grunt_garden, shoals_ilsuiw_ice, uniq_polyphemus,
          uniq_bai_suzhen, uniq_ilsuiw
Snake:1:  minmay_snake_river, minmay_shoptagon, uniq_aizul, uniq_agnes
Snake:2:  st_stairs_2, nicolae_snake_single_loop
Snake:3:  serial_shops, nicolae_shop_trees
Snake:4:  grunt_snake_rune_serpentine_throne, st_stairs_6,
          nrook_guardian_serpent_ordinary, serial_bayou_shore_b,
          minmay_shop_star, lemuel_fruit_tree
Orc:1:    serial_shops, shop_statue, shop, uniq_harold
Orc:2:    st_orc_mages, portal_ice_cave_entry_imps, nicolae_orc_bridge_out,
          uniq_maurice
Elf:1:    eino_elf_arrival_sip, special_room, minmay_elf_demonology,
          minivault_15, elves_outpost_lemuel
Elf:2:    serial_shops, shop, grunt_ministairs_7
Elf:3:    grunt_elf_hall_diamonds, serial_shops, nicolae_shop_waterfront,
          sword_in_stone
Vaults:1: v_misc_30, nicolae_vaults_network_quincunx, v_rooms_2,
          nicolae_vaults_network_s, v_misc_16, ontoclasm_vaults_shuriken,
          nicolae_vaults_mini_display_case, vaults_room_semicircle,
          vaults_dpeg_hooks, serial_shops, nicolae_shop_crystal, uniq_asterion
Vaults:2: nicolae_vaults_diagonal_hallway_8, v_pattern_2, v_misc_2,
          v_alt_pattern_3, v_alt_pattern_4, v_rooms_4, vaults_mumra_hexcomb,
          ontoclasm_vaults_spin, serial_shops, nicolae_shop_stone,
          nicolae_shop_waterfront, shop
Vaults:3: minmay_crypt_entry_simple_sparse, v_misc_2,
          nicolae_vaults_little_squares_4, vaults_room_grunt_arrival_checkpoint,
          ontoclasm_vaults_eye, dpeg_vaults_monster_box,
          vaults_standard_mumra_x, vaults_room_glass_cross, v_alt_pattern_2,
          serial_shops, nicolae_shop_window_shopping, nicolae_shop_waterfront,
          nicolae_shop_stone, shop
Vaults:4: nicolae_vaults_inception_network, nicolae_vaults_shelves_hall,
          nicolae_vaults_windows_and_doors_thing, stair_cage_open,
          vaults_dpeg_encased_lava, vaults_dpeg_ring, nicolae_vaults_little_ls,
          v_misc_19, nicolae_vaults_network_square,
          ontoclasm_vaults_ring_square, grunt_vaults_hallway_long, v_misc_13,
          hangedman_vaults_trim, vaults_dpeg_cross, v_misc_2
Depths:1: kennysheep_big_flooded_room, grunt_pan_entry_in_and_out, abyss_entry,
          serial_shops, bzr_entry_safe, shop, pf_coc_iceberg,
          lemuel_old_faithful
Depths:2: minmay_octo_star, abyss_entry, grunt_mini_vestibule, uniq_saint_roka
Depths:3: minmay_the_grid_octo_tiled_octocenter_mashed, enter_ziggurat_a,
          mu_enter_wizlab_6, hangedman_glass_teeth, grunt_hell_entry_dis_old,
          rand_demon_pan_entry_5, abyss_entry_small_statue_room
Depths:4: minmay_tearing_corner, hell_entry, abyss_entry_crystal,
          serial_bayou_pond_e, serial_bayou_shore_b,
          infiniplex_staircase_pool_1, serial_bayou_shore_b,
          serial_bayou_shore_b, minmay_shop_grove, uniq_sojobo, uniq_jory,
          uniq_mennas
Depths:5: evilmike_zot_entry_round, rand_demon_pan_entry_1, hell_entry,
          nicolae_abyss_entry_one_way_or_another, grunt_megastairs_4
Zot:2:    kennysheep_bubbly, zot_minivault_6
Lab:      nicolae_lab_t_cross, nicolae_lab_swirl, nicolae_lab_blocks,
          labyrinth_skeletal_remains
IceCv:    ice_cave_small_demon
Volcano:  volcano_tomb
WizLab:   wizlab_iskenderun

Table legend:
 A = Turns spent in this place as a percentage of turns spent in the entire game.
 B = Non-inter-level travel turns spent in this place as a percentage of non-inter-level travel turns spent in the entire game.
 C = Inter-level travel turns spent in this place as a percentage of turns spent in this place.
 D = Turns resting spent in this place as a percentage of non-inter-level travel turns spent in this place.
 E = Turns spent auto-exploring this place as a percentage of non-inter-level travel turns spent in this place.
 F = Non-inter-level travel turns spent in this place divided by the number of levels of this place that you've seen.
                   A       B       C       D       E      F
               +-------+-------+-------+-------+-------+----------------------
         Total | 100.0 | 100.0 |   7.6 |   3.4 |  62.6 | 1033.2
       Dungeon |  23.4 |  22.2 |  12.2 |   0.6 |  77.0 | 810.9
        Temple |   0.4 |   0.3 |  12.2 |   0.0 |  95.2 | 187.0
          Lair |  12.5 |  11.9 |  12.3 |   0.2 |  73.6 | 1082.7
        Shoals |   6.9 |   7.1 |   4.2 |   7.3 |  57.8 | 975.2
     Snake Pit |   9.9 |  10.2 |   4.9 |   5.4 |  59.7 | 1390.8
  Orcish Mines |   2.7 |   2.5 |  12.6 |   0.0 |  55.9 | 691.0
   Elven Halls |   6.7 |   6.8 |   6.4 |   2.6 |  51.0 | 1232.3
        Vaults |  15.7 |  15.9 |   6.2 |   3.9 |  57.6 | 1741.6
        Depths |  13.8 |  14.2 |   4.7 |   4.7 |  60.9 | 1558.4
           Zot |   3.7 |   4.0 |   0.7 |   6.3 |  57.6 | 1102.5
         Abyss |   1.3 |   1.4 |   0.0 |  16.4 |  18.6 | 371.5
     Labyrinth |   0.5 |   0.5 |   0.0 |  29.2 |   0.0 | 267.0
      Ice Cave |   0.7 |   0.8 |   0.0 |   1.9 |   9.2 | 411.0
       Volcano |   0.7 |   0.8 |   0.0 |   1.6 |  56.8 | 440.0
        Wizlab |   1.4 |   1.5 |   0.0 |   2.5 |  35.6 | 801.0
               +-------+-------+-------+-------+-------+----------------------

Table legend:
 A = Kills in this place as a percentage of kills in entire the game.
 B = Kills by you in this place as a percentage of kills by you in the entire game.
 C = Kills by friends in this place as a percentage of kills by friends in the entire game.
 D = Other kills in this place as a percentage of other kills in the entire game.
 E = Experience gained in this place as a percentage of experience gained in the entire game.
 F = Experience gained in this place divided by the number of levels of this place that you have seen.
                   A       B       C       D       E      F
               +-------+-------+-------+-------+-------+----------------------
         Total | 100.0 | 100.0 | 100.0 | 100.0 | 100.0 | 27830.6
       Dungeon |  16.6 |  17.0 |   0.0 |   6.8 |   4.1 | 4018.7
          Lair |   9.3 |   9.3 |  66.7 |   6.8 |   4.3 | 10543.5
        Shoals |   6.7 |   6.6 |  33.3 |   9.5 |   6.2 | 22849.0
     Snake Pit |   9.4 |   9.2 |   0.0 |  16.2 |   9.0 | 33041.2
  Orcish Mines |   5.1 |   5.2 |   0.0 |   2.7 |   1.1 | 7890.5
   Elven Halls |   7.8 |   7.8 |   0.0 |   8.1 |   9.6 | 47001.0
        Vaults |  21.8 |  21.7 |   0.0 |  25.7 |  27.9 | 82419.8
        Depths |  14.9 |  14.9 |   0.0 |  14.9 |  24.8 | 73157.0
           Zot |   3.1 |   3.0 |   0.0 |   6.8 |   8.6 | 63152.5
         Abyss |   1.9 |   2.0 |   0.0 |   1.4 |   1.8 | 13641.5
     Labyrinth |   0.2 |   0.2 |   0.0 |   0.0 |   0.1 | 1538.0
      Ice Cave |   1.1 |   1.1 |   0.0 |   0.0 |   0.3 | 4060.0
       Volcano |   0.5 |   0.5 |   0.0 |   1.4 |   0.3 | 4037.0
        Wizlab |   1.3 |   1.4 |   0.0 |   0.0 |   2.0 | 30030.0
               +-------+-------+-------+-------+-------+----------------------
